 Dungeon Crawl Stone Soup version 0.31.0-9-g3a7656b989 (webtiles) character file.

Game seed: 12169489333435679829

812 Kenran the Grappler (level 7, -1/59 (68) HPs)
             Began as an Oni Shapeshifter on Feb 3, 2024.
             Was an Initiate of Okawaru.
             Slain by Edmund
             ... wielding a +1 dire flail of draining
              (7 damage)
             ... on level 4 of the Dungeon.
             The game lasted 00:09:44 (3005 turns).

Kenran the Grappler (Oni Shapeshifter)              Turns: 3005, Time: 00:09:45

HP:   -1/59 (68)    AC:  5    Str: 21    XL:     7   Next: 93%
MP:   16/16         EV: 10    Int: 11    God:    Okawaru [......]
Gold: 180           SH:  0    Dex: 15    Spells: 6/6 levels left

rFire   . .          .
                       - Unarmed
rCold   + . .        (no shield)
rNeg    . . .        a - +0 animal skin
rPois   .            (helmet currently unavailable)
rElec   .            (cloak currently unavailable)
rCorr   +            (gloves unavailable)
SInv    .            (boots unavailable)
Will    .....        k - amulet of regeneration
Stlth   +            h - ring of Lotituf {rC+ rCorr MP+9 Dex+7}
HPRegen 1.09/turn    (no ring)
MPRegen 0.15/turn

%: no passive effects
@: mighty, lethally poisoned (-1 -> -1), beast-form, slowed, heavily drained,
very slow
A: beast (slay +1), large, unfitting armour, horns 1, tough skin 1, double
potion healing, drunken brawling, iridescent scales 1
a: Begin Untransformation, Renounce Religion


You were on level 4 of the Dungeon.
You worshipped Okawaru.
Okawaru was noncommittal.
You were a hulking beast.
You visited 2 branches of the dungeon, and saw 5 of its levels.

You collected 180 gold pieces.

Inventory:

Armour
 a - a +0 animal skin (worn)
Jewellery
 h - the ring of Lotituf (left hand) {rC+ rCorr MP+9 Dex+7}
   (You found it on level 2 of the Dungeon)

   [ring of protection from cold]

   Dex+7:     It affects your dexterity (+7).
   rC+:       It protects you from cold.
   MP+9:      It affects your magic capacity (+9).
   rCorr:     It protects you from acid and corrosion.
 k - an amulet of regeneration (around neck)
Talismans
 c - a beast talisman
 d - a flux talisman
Scrolls
 b - a scroll of summoning {unknown}
 g - a scroll of revelation
 n - a scroll of teleportation
 p - a scroll of enchant armour {unknown}
Potions
 e - 2 potions of heal wounds {unknown}
 o - a potion of mutation {!q}


   Skills:
 + Level 3.7 Fighting
 - Level 1.7 Dodging
 - Level 8.0 Unarmed Combat
 - Level 3.0 Shapeshifting


You had 6 spell levels left.
You didn't know any spells.
Your spell library contained the following spells:

 Spells                   Type           Power      Damage    Failure   Level
 Apportation              Tloc           0%         N/A       34%         1
 Necrotise                Necr           0%         1d4       34%         1
 Slow                     Hex            0%         N/A       34%         1
 Sting                    Conj/Alch      0%         1d3       34%         1
 Jinxbite                 Hex            0%         N/A       47%         2
 Confusing Touch          Hex            0%         N/A       71%         3
 Sigil of Binding         Hex            0%         N/A       71%         3
 Vampiric Draining        Necr           0%         2d6       71%         3
 Alistair's Intoxication  Alch           0%         N/A       100%        5
 Summon Small Mammal      Summ           Unusable   N/A       N/A         1

Dungeon Overview and Level Annotations

Branches:
Dungeon (4/15)             Temple (1/1) D:4

Altars:
Cheibriados
Dithmenos
Elyvilon
Gozag
Hepliaklqana
Kikubaaqudgha
Okawaru
Qazlal
Sif Muna
Trog
Uskayaw
Wu Jian
Xom
The Shining One

Annotations:
D:3 exclusion: downstairs
D:4 Edmund


Innate Abilities, Weirdness & Mutations

You are a hulking beast.
Your limbs bulge with bestial killing power. (Slay +1)
You are too large for most types of armour.
You have a pair of small horns on your head.
You have tough skin. (AC +1)
You gain doubled healing and magic from potions.
Whenever you drink a healing potion, you attack all around you.
You are partially covered in iridescent scales. (AC +2)


Message History

The adder is moderately wounded.
The adder bites you but does no damage.
You punch the adder!
You kill the adder!
Okawaru accepts your kill.
A scorpion comes into view.
The gnoll hits you with a +0 spear.
The scorpion moves out of view.
You punch the gnoll!
You kill the gnoll!
Okawaru accepts your kill.
Edmund shouts!
Edmund throws a curare-tipped dart.
The curare-tipped dart hits you.
You are poisoned.
You have difficulty breathing.
You feel yourself slow down.
You feel very sick.
Edmund throws a curare-tipped dart.
The curare-tipped dart hits you.
You are more poisoned.
You have difficulty breathing.
You feel as though you will be slow longer.
You feel extremely sick.
You feel very sick. Edmund closely misses you.
Edmund hits you with a +1 dire flail of draining.
You feel drained.
You feel very mighty all of a sudden.
You feel very sick. Edmund closely misses you.
You closely miss Edmund.
Edmund is moderately wounded.
You feel sick.
Edmund hits you with a +1 dire flail of draining!
You feel drained. The scorpion barely misses you.
You punch Edmund! You punch Edmund.
Edmund is severely wounded.
You feel sick.
Edmund hits you with a +1 dire flail of draining!
* * * LOW HITPOINT WARNING * * *
You feel drained.
You die...
Edmund says, "That'll show my brother!"

.....≣.....≣.....##........
.................####.#....
.......≣≣≣)..###..# ##....
........≣..).# #...# ...
........≣....####..## ..
.#..............##..###.
####...........###:.....
#........)...#.......
#...........sh@......
....................
..........##.#......
..........#####....#
.......s.. ...## ..........
#... ......... ... .......
.#


You could see Edmund and a scorpion.

Vanquished Creatures
  Grinder (D:3)
  Sigmund (D:4)
  An orc warrior (D:4)
  A howler monkey (D:3)
  A jelly (D:4)
  A sleepcap (D:4)
  Terence (D:2)
  2 iguanas (D:4)
  2 orc wizards
  3 gnolls
  An adder (D:4)
  5 dart slugs
  3 ribbon worms
  9 orcs
  8 ball pythons
  5 endoplasms
  3 giant cockroaches
  10 goblins
  6 hobgoblins
  6 quokkas
  4 bats
  2 frilled lizards
  9 kobolds
  6 rats
91 creatures vanquished.

Notes
Turn   | Place    | Note
-------+----------+-------------------------------------------
     0 | D:1      | Kenran the Oni Shapeshifter began the quest for the Orb.
     0 | D:1      | Reached XP level 1. HP: 19/19 MP: 1/1
    58 | D:1      | Reached skill level 3 in Unarmed Combat
    62 | D:1      | Reached XP level 2. HP: 12/27 MP: 2/2
   217 | D:1      | Reached XP level 3. HP: 20/33 MP: 3/3
   605 | D:1      | Reached skill level 4 in Unarmed Combat
   678 | D:2      | Found an opulent altar of Gozag.
   710 | D:2      | Noticed Terence
   723 | D:2      | Killed Terence
   724 | D:2      | Reached XP level 4. HP: 37/41 MP: 4/4
  1111 | D:2      | Identified the ring of Lotituf {rC+ rCorr MP+9 Dex+7}
  1513 | D:3      | Reached skill level 5 in Unarmed Combat
  1513 | D:3      | Reached XP level 5. HP: 13/48 MP: 5/5
  1576 | D:3      | Noticed Grinder
  1581 | D:3      | Paralysed by Grinder for 4 turns
  1597 | D:3      | Killed Grinder
  1598 | D:3      | Reached skill level 6 in Unarmed Combat
  1598 | D:3      | Reached XP level 6. HP: 55/55 MP: 6/6
  2208 | D:4      | Noticed an orc warrior
  2263 | D:4      | Found a staircase to the Ecumenical Temple.
  2366 | D:4      | Reached skill level 7 in Unarmed Combat
  2366 | D:4      | Reached XP level 7. HP: 48/62 MP: 7/7
  2386 | D:4      | Found a shimmering altar of Xom.
  2460 | D:4      | Noticed Sigmund
  2642 | D:4      | Killed Sigmund
  2685 | D:4      | Reached skill level 8 in Unarmed Combat
  2769 | D:4      | Noticed Edmund
  2773 | D:4      | HP: 3/60 [Edmund/+1 dire flail of draining (9)]
  2777 | D:4      | Gained mutation: You are dopey. (Int -2) [potion of
                  | mutation]
  2777 | D:4      | Gained mutation: You are partially covered in iridescent
                  | scales. (AC +2) [potion of mutation]
  2777 | D:4      | Lost mutation: You are dopey. (Int -2) [potion of mutation]
  2874 | Temple   | Entered the Ecumenical Temple
  2884 | Temple   | Became a worshipper of Warmaster Okawaru
  3005 | D:4      | Slain by Edmund

Illustrated notes

Levels and vault maps discovered:
D:1:      wander_arrival_peaceful_grave, layout_rooms
D:2:      layout_loops_cross, basic_altar, grunt_ministairs_2, uniq_terence
D:3:      layout_basic, serial_glass, glass_columns_a, glass_columns_a,
          glass_columns_b, glass_columns_a, glass_columns_b, glass_columns_b,
          glass_columns_b, glass_columns_a, hangedman_decor_peaks_small,
          uniq_grinder
D:4:      layout_cave_pools, marbit_many_paths, minmay_temple_entry_tees,
          uniq_sigmund, uniq_edmund
Temple:   nicolae_temple_x_marks_the_god

Skill      XL: |  1  2  3  4  5  6  7 |
---------------+----------------------+-----
Unarmed Combat | 3 4 5 6 7 8 |  8.0
Fighting       | 3 |  3.7
Dodging        | |  1.7
Shapeshifting  | |  3.0

Action                     |  1- 3 |  4- 6 |  7- 9 || total
---------------------------+-------+-------+-------++-------
  Melee: Unarmed           |    88 |    92 |    50 ||   230
         Headbutt          |    11 |    22 |     6 ||    39
         Punch             |       |     3 |     3 ||     6
    Use: Scroll            |     1 |     3 |     1 ||     5
         Potion            |       |     2 |     9 ||    11
   Stab: Sleeping          |       |     1 |       ||     1
 Armour: Animal skin       |    64 |    60 |    45 ||   169
         Skin              |       |     8 |       ||     8
  Dodge: Dodged            |    43 |    40 |    23 ||   106
